Workbook

Sheet Bảng tính giá từng căn
B1: CÔNG TY TNHH AGAPE VIỆT NAM
C3: PHIẾU TÍNH GIÁ SENTOSA SKY PARK
C5: Thời gian áp dụng: Từ ngày 06/07/2023 đến khi có chính sách mới
C7: Nhóm khách hàng: | F7: Cá nhân
C8: Tòa nhà: | F8: CT4
B9: 1 | C9: Họ và tên khách hàng
B10: 2 | C10: Mã căn hộ số | F10: 2519
B11: 3 | C11: Tầng | F11: =IF(LEFT(F10,3)="12A","12A",IF(LEFT(F10,3)="12B","12B",IF(LEFT(F10,3)="22A","22A",IF(LEFT(F10,3)="22B","22B",IF(LEN(F10)=5,LEFT(F10,2),IF(AND(LEN(F10)=4,VALUE(LEFT(F10,3))>500),LEFT(F10,1),IF(AND(LEN(F10)=4,VALUE(LEFT(F10,3))<500),LEFT(F10,2),LEFT(F10,1)))))))) -> 25
B12: 4 | C12: Diện tích sử dụng (m2) | F12: =VLOOKUP(F10,Sheet2!A3:D606,2,0) -> 46.5
B13: 4.1 | C13: Diện tích sân vườn (m2) | F13: =VLOOKUP(F10,Sheet2!A3:D606,3,0) -> 0 | J13: Studio, 1PN | K13: 2PN | L13: 3PN | M13: Penthouse
B14: 5 | C14: Ký hiệu loại căn hộ | F14: =VLOOKUP(F10,Sheet2!A3:E606,4,0) -> A1 | I14: 1 | J14: 0 | K14: 0 | L14: 0 | M14: 0
B15: 5.1 | C15: Loại căn hộ | F15: =VLOOKUP(F10,Sheet2!A3:J606,9,0) -> 1PN+1 | I15: 2 | J15: 5,000,000 | K15: 15,000,000 | L15: 20,000,000 | M15: 30,000,000
B16: 6 | C16: Tổng giá trị căn hộ (đã bao gồm VAT) | F16: =VLOOKUP(F10,Sheet2!A3:F606,5,0) -> 1962740000 | I16: 3 | J16: 10,000,000 | K16: 30,000,000 | L16: 40,000,000 | M16: 50,000,000
B17: 6.1 | C17: Giá bán thuần (Giá trị căn hộ trước VAT) | F17: =ROUND(F16/1.1,0) -> 1784309091 | J17: 10,000,000 | K17: 30,000,000 | L17: 40,000,000 | M17: 50,000,000
B18: 6.2 | C18: Thuế GTGT (Thuế VAT 10%) | F18: =F16-F17 -> 178430909 | J18: 10,000,000 | K18: 30,000,000 | L18: 40,000,000 | M18: 50,000,000
B19: 7 | C19: CHÍNH SÁCH BÁN HÀNG | F19: =F21+F22+F20 -> 67997400 | I19: 4 | J19: 10,000,000 | K19: 30,000,000 | L19: 40,000,000 | M19: 50,000,000 | P19: 1PN | Q19: 2PN | R19: 3PN
B20: 7.1 | C20: Chiết khấu trực tiếp trên giá bán căn hộ | E20: 0.01 | F20: =F16*E20 -> 19627400 | I20: 5 | J20: 10,000,000 | K20: 30,000,000 | L20: 40,000,000 | M20: 50,000,000
B21: 7.2 | C21: Tặng gói SMART | F21: =VLOOKUP(F10,Sheet2!A3:F606,6,0) -> 40000000 | O21: 2 | P21: 20000000 | Q21: 20000000 | R21: 25000000
B22: 7.3 | C22: Miễn 01 năm phí quản lý | F22: =VLOOKUP(F10,Sheet2!A3:G606,7,0) -> 8370000 | O22: 4 | P22: 50000000 | Q22: 50000000 | R22: 70000000
B23: 7.4 | C23: Tổng số lượng căn hộ đã ký Đơn đăng ký giữ chỗ | F23: 1
B24: 7.5 | C24: Chiết khấu khi mua nhiều căn hộ | F24: =IF(F15="1PN+1",VLOOKUP(F23,I14:M20,2,0),IF(F15="2PN",VLOOKUP(F23,I14:M20,3,0),IF(F15="Dual Key",VLOOKUP(F23,I14:M20,3,0),IF(F15="3PN",VLOOKUP(F23,I14:M20,4,0),IF(F15="Penthouse",VLOOKUP(F23,I14:M20,5,0)))))) -> 0
B25: 8 | C25: Tổng giá bán căn hộ sau chiết khấu (đã bao gồm VAT) | F25: =F16-F19 -> 1894742600 | O25: 7 | P25: 70000000 | Q25: 70000000 | R25: 90000000
B26: 8.1 | C26: Đơn giá | F26: =F25/(F12+F13) -> 40747153
B27: 8.2 | C27: Giá bán thuần (Giá trị căn hộ trước VAT) | F27: =ROUND(F25/1.1,0) -> 1722493273 | O27: 8 | P27: 70000000 | Q27: 70000000 | R27: 90000000
B28: 8.3 | C28: Thuế GTGT (Thuế VAT 10%) | F28: =F25-F27 -> 172249327 | O28: 9 | P28: 70000000 | Q28: 70000000 | R28: 90000000
B29: ※Không bao gồm phí phát hành sổ hồng
B30: STT | C30: Tiến độ thanh toán | D30: Tỷ lệ thanh toán | E30: Ngày dự kiến thanh toán | F30: Tổng số tiền thanh toán các đợt theo tiến độ
B31: Đặt cọc | C31: Khi ký Đơn đăng ký giữ chỗ | D31: 100 triệu | F31: 100000000
B32: Lần 1 | C32: Khi ký Văn bản thỏa thuận đặt cọc, trong vòng 07 ngày kể từ ngày ký đơn ĐKGC | D32: 10% giá bán căn hộ (đã bao gồm VAT) | F32: =ROUND(F25*10%,0)-F31 -> 89474260
B33: Lần 2 | C33: Trong vòng 30 ngày, kể từ ngày ký TTĐC | D33: 10% giá bán căn hộ (đã bao gồm VAT) | F33: =ROUND(F25*10%,0) -> 189474260
B34: Lần 3 | C34: Khi có thông báo nộp tiền và ký HĐMB | D34: 10% giá bán căn hộ (đã bao gồm VAT) | E34: dự kiến Quý IV/2023 | F34: =ROUND(F25*10%,0) -> 189474260
B35: Lần 4 | C35: Trong vòng 60 ngày, kể từ ngày ký HĐMB | D35: 10% giá bán căn hộ (đã bao gồm VAT) | F35: =ROUND(F25*10%,0) -> 189474260
B36: Lần 5 | C36: Trong vòng 120 ngày, kể từ ngày ký HĐMB | D36: 10% giá bán căn hộ (đã bao gồm VAT) | F36: =ROUND(F25*10%,0) -> 189474260
B37: Lần 6 | C37: Theo thông báo nhận bàn giao căn hộ (Dự kiến quý II/2025) | D37: (1) 45% giá bán căn hộ (đã bao gồm VAT) | F37: =ROUND(F25*45%,0) -> 852634170
D38: (2) Kinh Phí bảo trì: 2% giá trị căn hộ (tạm tính) | F38: =ROUND(F27*2%,0) -> 34449865
D39: Tổng số tiền nộp lần 6 = (1) + (2) | F39: =F37+F38 -> 887084035 | H39: =SUM(F31:F38)+F40 -> 1929192465
B40: Lần 7 | C40: Khi khách hàng nhận bìa hồng (Dự kiến quý II/2026) | D40: 5% giá bán căn hộ (đã bao gồm VAT) | F40: =ROUND(F25*5%,0) -> 94737130
B41: TỔNG/TOTAL | F41: =ROUND((F31+F32+F33+F34+F35+F36+F39+F40),0) -> 1929192465
E43: Khách hàng
E44: (Ký và ghi rõ họ tên)

Sheet Nếu không CK 1%
B1: CÔNG TY TNHH AGAPE VIỆT NAM
C3: PHIẾU TÍNH GIÁ SENTOSA SKY PARK
C5: Thời gian áp dụng: Từ ngày 06/07/2023 đến khi có chính sách mới
C7: Nhóm khách hàng: | F7: Cá nhân
C8: Tòa nhà: | F8: CT4
B9: 1 | C9: Họ và tên khách hàng
B10: 2 | C10: Mã căn hộ số | F10: 2519
B11: 3 | C11: Tầng | F11: =IF(LEFT(F10,3)="12A","12A",IF(LEFT(F10,3)="12B","12B",IF(LEFT(F10,3)="22A","22A",IF(LEFT(F10,3)="22B","22B",IF(LEN(F10)=5,LEFT(F10,2),IF(AND(LEN(F10)=4,VALUE(LEFT(F10,3))>500),LEFT(F10,1),IF(AND(LEN(F10)=4,VALUE(LEFT(F10,3))<500),LEFT(F10,2),LEFT(F10,1)))))))) -> 25
B12: 4 | C12: Diện tích sử dụng (m2) | F12: =VLOOKUP(F10,Sheet2!A3:D606,2,0) -> 46.5
B13: 4.1 | C13: Diện tích sân vườn (m2) | F13: =VLOOKUP(F10,Sheet2!A3:D606,3,0) -> 0 | J13: Studio, 1PN | K13: 2PN | L13: 3PN | M13: Penthouse
B14: 5 | C14: Ký hiệu loại căn hộ | F14: =VLOOKUP(F10,Sheet2!A3:E606,4,0) -> A1 | I14: 1 | J14: 0 | K14: 0 | L14: 0 | M14: 0
B15: 5.1 | C15: Loại căn hộ | F15: =VLOOKUP(F10,Sheet2!A3:I606,9,0) -> 1PN+1 | I15: 2 | J15: 5,000,000 | K15: 15,000,000 | L15: 20,000,000 | M15: 30,000,000
B16: 6 | C16: Tổng giá trị căn hộ (đã bao gồm VAT) | F16: =VLOOKUP(F10,Sheet2!A3:I606,5,0) -> 1962740000 | I16: 3 | J16: 10,000,000 | K16: 30,000,000 | L16: 40,000,000 | M16: 50,000,000
B17: 6.1 | C17: Giá bán thuần (Giá trị căn hộ trước VAT) | F17: =ROUND(F16/1.1,0) -> 1784309091 | J17: 10,000,000 | K17: 30,000,000 | L17: 40,000,000 | M17: 50,000,000
B18: 6.2 | C18: Thuế GTGT (Thuế VAT 10%) | F18: =F16-F17 -> 178430909 | J18: 10,000,000 | K18: 30,000,000 | L18: 40,000,000 | M18: 50,000,000
B19: 7 | C19: CHÍNH SÁCH BÁN HÀNG | F19: =F20+F21 -> 48370000 | I19: 4 | J19: 10,000,000 | K19: 30,000,000 | L19: 40,000,000 | M19: 50,000,000 | P19: 1PN | Q19: 2PN | R19: 3PN
B20: 7.1 | C20: Tặng gói SMART | F20: =VLOOKUP(F10,Sheet2!A3:F605,6) -> 40000000 | I20: 5 | J20: 10,000,000 | K20: 30,000,000 | L20: 40,000,000 | M20: 50,000,000 | O20: 2 | P20: 20000000 | Q20: 20000000 | R20: 25000000
B21: 7.2 | C21: Miễn 01 năm phí quản lý | F21: =VLOOKUP(F10,Sheet2!A3:H606,7,0) -> 8370000 | O21: 4 | P21: 50000000 | Q21: 50000000 | R21: 70000000
B22: 7.3 | C22: Tổng số lượng căn hộ đã ký Đơn đăng ký giữ chỗ | F22: 1
B23: 7.4 | C23: Chiết khấu khi mua nhiều căn hộ | F23: {=IF(F15="1PN+1",VLOOKUP(F22,I14:M20,2,0),IF(F15="2PN",VLOOKUP(F22,I14:M20,3,0),IF(F15="Dual key",VLOOLUP(F22,I14:M20,3,0),IF(F15="3PN",VLOOKUP(F22,I14:M20,4,0),IF(F15="Penthouse",VLOOKUP(F22,I14:M20,5,0))))))} -> 0
B24: 8 | C24: Tổng giá bán căn hộ sau chiết khấu (đã bao gồm VAT) | F24: =F16-F19 -> 1914370000 | O24: 7 | P24: 70000000 | Q24: 70000000 | R24: 90000000
B25: 8.1 | C25: Đơn giá | F25: =F24/(F12+F13) -> 41169247
B26: 8.2 | C26: Giá bán thuần (Giá trị căn hộ trước VAT) | F26: =ROUND(F24/1.1,0) -> 1740336364 | O26: 8 | P26: 70000000 | Q26: 70000000 | R26: 90000000
B27: 8.3 | C27: Thuế GTGT (Thuế VAT 10%) | F27: =F24-F26 -> 174033636 | O27: 9 | P27: 70000000 | Q27: 70000000 | R27: 90000000
B28: ※Không bao gồm phí phát hành sổ hồng
B29: STT | C29: Tiến độ thanh toán | D29: Tỷ lệ thanh toán | E29: Ngày dự kiến thanh toán | F29: Tổng số tiền thanh toán các đợt theo tiến độ
B30: Đặt cọc | C30: Khi ký Đơn đăng ký giữ chỗ | D30: 100 triệu | F30: 100000000
B31: Lần 1 | C31: Khi ký Văn bản thỏa thuận đặt cọc, trong vòng 07 ngày kể từ ngày ký đơn ĐKGC | D31: 10% giá bán căn hộ (đã bao gồm VAT) | F31: =F24*10%-F30 -> 91437000
B32: Lần 2 | C32: Trong vòng 30 ngày, kể từ ngày ký TTĐC | D32: 10% giá bán căn hộ (đã bao gồm VAT) | F32: =F24*10% -> 191437000
B33: Lần 3 | C33: Khi có thông báo nộp tiền và ký HĐMB | D33: 10% giá bán căn hộ (đã bao gồm VAT) | E33: dự kiến Quý IV/2023 | F33: =F24*10% -> 191437000
B34: Lần 4 | C34: Trong vòng 60 ngày, kể từ ngày ký HĐMB | D34: 10% giá bán căn hộ (đã bao gồm VAT) | F34: =F24*10% -> 191437000
B35: Lần 5 | C35: Trong vòng 120 ngày, kể từ ngày ký HĐMB | D35: 10% giá bán căn hộ (đã bao gồm VAT) | F35: =F24*10% -> 191437000
B36: Lần 6 | C36: Theo thông báo nhận bàn giao căn hộ (Dự kiến quý II/2025) | D36: (1) 45% giá bán căn hộ (đã bao gồm VAT) | F36: =F24*45% -> 861466500
D37: (2) Kinh Phí bảo trì: 2% giá trị căn hộ (tạm tính) | F37: =F26*2% -> 34806727
D38: Tổng số tiền nộp lần 6 = (1) + (2) | F38: =F36+F37 -> 8.9627323e+08
B39: Lần 7 | C39: Khi khách hàng nhận bìa hồng (Dự kiến quý II/2026) | D39: 5% giá bán căn hộ (đã bao gồm VAT) | F39: =F24*5% -> 95718500
B40: TỔNG/TOTAL | F40: =F30+F31+F32+F33+F34+F35+F38+F39 -> 1.9491767e+09
E42: Khách hàng
E43: (Ký và ghi rõ họ tên)

Sheet NƯỚC NGOÀI
B1: AGAPE VIET NAM CO,.LTD
C3: PHIẾU TÍNH GIÁ SENTOSA SKY PARK PRICE SHEET OF SENTOSA SKY PARK
C5: Thời gian áp dụng: Từ ngày 06/07/2023 đến khi có thông báo mới/ Application period: From July 06th, 2023 to issued new policy
C7: Nhóm khách hàng/ Customer group | F7: Cá nhân
C8: Tòa nhà/ Building: | F8: CT4
B9: 1 | C9: Họ và tên khách hàng/ Full name of customer
B10: 2 | C10: Mã căn hộ số/ Condominium No. | F10: 2519
B11: 3 | C11: Tầng/ Floor | F11: =IF(LEFT(F10,3)="12A","12A",IF(LEFT(F10,3)="12B","12B",IF(LEFT(F10,3)="22A","22A",IF(LEFT(F10,3)="22B","22B",IF(LEN(F10)=5,LEFT(F10,2),IF(AND(LEN(F10)=4,VALUE(LEFT(F10,3))>500),LEFT(F10,1),IF(AND(LEN(F10)=4,VALUE(LEFT(F10,3))<500),LEFT(F10,2),LEFT(F10,1)))))))) -> 25
B12: 4 | C12: Diện tích sử dụng (m2)/ Estimated Usable Area (m2) | F12: =VLOOKUP(F10,Sheet2!A3:I606,2,0) -> 46.5
B13: 4.1 | C13: Diện tích sân vườn (m2)/ Garden area (m2) | F13: =VLOOKUP(F10,Sheet2!A3:C606,3,0) -> 0 | J13: Studio, 1PN | K13: 2PN | L13: 3PN | M13: Penthouse
B14: 5 | C14: Ký hiệu căn hộ/ Condominium No. | F14: =VLOOKUP(F10,Sheet2!A3:D606,4,0) -> A1 | I14: 1 | J14: 0 | K14: 0 | L14: 0 | M14: 0
B15: 5.1 | C15: Loại căn hộ/ Type of apartment | F15: =VLOOKUP(F10,Sheet2!A3:I606,9,0) -> 1PN+1 | I15: 2 | J15: 5,000,000 | K15: 15,000,000 | L15: 20,000,000 | M15: 30,000,000
B16: 6 | C16: Tổng giá trị căn hộ (đã bao gồm VAT)/ Condominium price (included VAT) | F16: =VLOOKUP(F10,Sheet2!A3:F606,5,0) -> 1962740000 | I16: 3 | J16: 10,000,000 | K16: 30,000,000 | L16: 40,000,000 | M16: 50,000,000
B17: 6.1 | C17: Giá bán thuần/ Net Sales Price | F17: =ROUND(F16/1.1,0) -> 1784309091 | I17: 4 | J17: 10,000,000 | K17: 30,000,000 | L17: 40,000,000 | M17: 50,000,000
B18: 6.2 | C18: Thuế GTGT (VAT) 10% | F18: =F16-F17 -> 178430909 | J18: 10,000,000 | K18: 30,000,000 | L18: 40,000,000 | M18: 50,000,000
B19: 7 | C19: CHÍNH SÁCH BÁN HÀNG/ SALES POLICY | F19: =F21+F22+F20 -> 67997400 | I19: 4 | J19: 10,000,000 | K19: 30,000,000 | L19: 40,000,000 | M19: 50,000,000 | P19: 1PN | Q19: 2PN | R19: 3PN
B20: 7.1 | C20: Chiết khấu trực tiếp trên giá bán căn hộ/ Direct discount on the selling price of each condominium | E20: 0.01 | F20: =F16*E20 -> 19627400 | I20: 5 | J20: 10,000,000 | K20: 30,000,000 | L20: 40,000,000 | M20: 50,000,000
B21: 7.2 | C21: Tặng gói SMART/ SMART Gift | F21: =VLOOKUP(F10,Sheet2!A3:G606,6,0) -> 40000000 | O21: 2 | P21: 20000000 | Q21: 20000000 | R21: 25000000
B22: 7.3 | C22: Miễn 01 năm phí quản lý | F22: =VLOOKUP(F10,Sheet2!A3:G606,7,0) -> 8370000 | O22: 4 | P22: 50000000 | Q22: 50000000 | R22: 70000000
B23: 7.4 | C23: Tổng số lượng căn hộ đã ký Đơn đăng ký giữ chỗ/The amount of apartment you buy | F23: 1
B24: 7.5 | C24: Chiết khấu khi mua nhiều căn hộ/ Discount when you buy a lot of aparment | F24: {=IF(F15="1PN+1",VLOOKUP(F23,I14:M20,2,0),IF(F15="2PN",VLOOKUP(F23,I14:M20,3,0),IF(F15="Dual Key",VLOOLUP(I14:M20,3,0),IF(F15="3PN",VLOOKUP(F23,I14:M20,4,0),IF(F15="Penthouse",VLOOKUP(F23,I14:M20,5,0))))))} -> 0
B25: 8 | C25: Tổng giá bán căn hộ sau chiết khấu (đã bao gồm VAT) / Condominium price after discount (included VAT) | F25: =F16-F19 -> 1894742600 | O25: 7 | P25: 70000000 | Q25: 70000000 | R25: 90000000
B26: 8.1 | C26: Đơn giá (Unit Price) | F26: =F25/(F12+F13) -> 40747153
B27: 8.1 | C27: Giá bán thuần sau chiết khấu (Net Sales Price after discount) | F27: =ROUND(F25/1.1,0) -> 1722493273 | O27: 8 | P27: 70000000 | Q27: 70000000 | R27: 90000000
B28: 8.2 | C28: Thuế GTGT sau chiết khấu (VAT 10% after discount) | F28: =F25-F27 -> 172249327 | O28: 9 | P28: 70000000 | Q28: 70000000 | R28: 90000000
B29: ※Không bao gồm phí phát hành sổ hồng / Not including pink book issuance fee
B30: STT/ No | C30: Tiến độ thanh toán/Payment progress | D30: Tỷ lệ thanh toán/ Payment rate | E30: Ngày dự kiến thanh toán / Estimated payment date | F30: Tổng số tiền thanh toán các đợt theo tiến độ (VND) / Total amount according to payment progress(VND)
B31: Đặt cọc / Deposit | C31: Khi ký Đơn đăng ký giữ chỗ/ Sign Application for Reservation ("Application") | D31: 100 triệu/ 100 millions | F31: 100000000
B32: Lần 1 1st time | C32: Khi ký Văn bản thỏa thuận đặt cọc, trong vòng 07 ngày kể từ ngày ký đơn ĐKGC/Sign Deposit Agreement, within 07 days from signing Application) | D32: 10% giá bán căn hộ (đã bao gồm VAT và tiền đặt cọc)/ 10% of sales price (included VAT and deposit) | F32: =F25*10%-F31 -> 89474260
B33: Lần 2 2nd time | C33: Trong vòng 30 ngày, kể từ ngày ký TTĐC (Within 30 days from the date of signing Deposit Agreement) | D33: 10% giá bán căn hộ (đã bao gồm VAT)/ 10% of sales price (included VAT) | F33: =F25*10% -> 189474260
B34: Lần 3 3rd time | C34: Khi có thông báo nộp tiền và ký HĐMB/ When receiving notice of payment and signing of Purchase sales contract | D34: 10% giá bán căn hộ (đã bao gồm VAT)/ 10% of sales price (included VAT) | E34: Expected 4th Quarter 2023 | F34: =F25*10% -> 189474260
B35: Lần 4 4th time | C35: Trong vòng 60 ngày, kể từ ngày ký HĐMB/ (Within 60 days from the date of signing Purchase sales contract) | D35: 10% giá bán căn hộ (đã bao gồm VAT)/ 10% of sales price (included VAT) | F35: =F25*10% -> 189474260
B36: Lần 5 5th time | C36: Trong vòng 120 ngày, kể từ ngày ký HĐMB/ (Within 120 days from the date of signing Purchase sales contract) | D36: 10% giá bán căn hộ (đã bao gồm VAT) / 10% of sales price (included VAT) | F36: =F25*10% -> 189474260
B37: Lần 6 6th time | C37: Theo thông báo nhận bàn giao căn hộ (Dự kiến quý II/2025)/ According to the notice of condominiun handover (Expected 2nd Quarter 2025) | D37: (1) 50% giá bán căn hộ (đã bao gồm VAT) / 50% of sales price (included VAT) | F37: =F25*50% -> 947371300
D38: (2) Phí bảo trì: 2% giá bán thuần căn hộ (tạm tính) / Maintenance fee: 2% of the condominum's net sales price (Temporary) | F38: =F27*2% -> 34449865
D39: Tổng số tiền nộp lần 6 Total amount of 6th payment= (1) + (2) | F39: =F37+F38 -> 9.8182117e+08
B40: TỔNG/TOTAL | F40: =F31+F32+F33+F34+F35+F36+F39 -> 1.9291925e+09
E41: Khách hàng (Ký và ghi rõ họ tên) Customer (Sign and full name)

Sheet Sheet2
A2: Mã căn hộ | B2: Diện tích thông thủy (m2) | C2: Diện tích sân vườn ở tầng 5, 25,26,27,28 (m2) | D2: Loại căn hộ | E2: Bảng giá | F2: Tặng gói smart | G2: Miễn phí quản lý căn hộ | H2: Chiết khấu trực tiếp trên gia bán căn hộ | I2: Loại | K2: TẦNG | L2: Bảng tổng giá cả tầng | M2: =F2 -> Tặng gói smart | N2: =G2 -> Miễn phí quản lý căn hộ | O2: =H2 -> Chiết khấu trực tiếp trên gia bán căn hộ
A3: 501 | B3: 103.9 | D3: C1 | F3: 125000000 | G3: =(15000*B3)*12 -> 18702000 | H3: =E3*1% -> 0 | I3: 3PN | K3: 5 | L3: =SUM(E3:E21) -> 2916072000 | M3: =SUM(F3:F21) -> 1334000000 | N3: =SUM(G3:G21) -> 245376000 | O3: =SUM(H3:H21) -> 29160720
A4: 502 | B4: 32.1 | D4: S2 | F4: 35000000 | G4: =(15000*B4)*12 -> 5778000 | H4: =E4*1% -> 0 | I4: Studio | K4: 6 | L4: =SUM(E22:E47) -> 0 | M4: =SUM(F22:F47) -> 1995000000 | N4: =SUM(G22:G47) -> 315144000 | O4: =SUM(H22:H47) -> 0
A5: 503 | B5: 32.1 | D5: S2 | F5: 35000000 | G5: =(15000*B5)*12 -> 5778000 | H5: =E5*1% -> 0 | I5: Studio | K5: 7 | L5: =SUM(E48:E73) -> 10449288000 | M5: =SUM(F48:F73) -> 1995000000 | N5: =SUM(G48:G73) -> 315180000 | O5: =SUM(H48:H73) -> 104492880
A6: 504 | B6: 36.5 | D6: S3 | F6: 35000000 | G6: =(15000*B6)*12 -> 6570000 | H6: =E6*1% -> 0 | I6: Studio | K6: 8 | L6: =SUM(E74:E99) -> 9189536800 | M6: =SUM(F74:F99) -> 1995000000 | N6: =SUM(G74:G99) -> 315180000 | O6: =SUM(H74:H99) -> 91895368
A7: 512 | B7: 52.1 | D7: A3 | F7: 40000000 | G7: =(15000*B7)*12 -> 9378000 | H7: =E7*1% -> 0 | I7: 1PN+1 | K7: 9 | L7: =SUM(E100:E125) -> 7686608000 | M7: =SUM(F100:F125) -> 1995000000 | N7: =SUM(G100:G125) -> 315180000 | O7: =SUM(H100:H125) -> 76866080
A8: 512A | B8: 75.1 | D8: B5 | F8: 85000000 | G8: =(15000*B8)*12 -> 13518000 | H8: =E8*1% -> 0 | I8: 2PN | K8: 10 | L8: =SUM(E126:E151) -> 5315040000 | M8: =SUM(F126:F151) -> 1995000000 | N8: =SUM(G126:G151) -> 315180000 | O8: =SUM(H126:H151) -> 53150400
A9: 512B | B9: 128.8 | C9: 14 | D9: C3-G | F9: 125000000 | G9: =(15000*(B9+C9)*12) -> 25704000 | H9: =E9*1% -> 0 | I9: 3PN | K9: 11 | L9: =SUM(E152:E177) -> 10618288000 | M9: =SUM(F152:F177) -> 1995000000 | N9: =SUM(G152:G177) -> 315180000 | O9: =SUM(H152:H177) -> 106182880
A10: 515 | B10: 71.3 | C10: 16.6 | D10: B4-G | F10: 85000000 | G10: =(15000*(B10+C10)*12) -> 15822000 | H10: =E10*1% -> 0 | I10: 2PN | K10: 12 | L10: =SUM(E178:E203) -> 5375040000 | M10: =SUM(F178:F203) -> 1995000000 | N10: =SUM(G178:G203) -> 315180000 | O10: =SUM(H178:H203) -> 53750400
A11: 516 | B11: 71.7 | C11: 16.5 | D11: B4-G | E11: 2916072000 | F11: 85000000 | G11: =(15000*(B11+C11)*12) -> 15876000 | H11: =E11*1% -> 29160720 | I11: 2PN | K11: 12A | L11: =SUM(E204:E229) -> 7043280000 | M11: =SUM(F204:F229) -> 1995000000 | N11: =SUM(G204:G229) -> 315180000 | O11: =SUM(H204:H229) -> 70432800
A12: 517 | B12: 71.8 | C12: 16.5 | D12: B4-G | F12: 85000000 | G12: =(15000*(B12+C12)*12) -> 15894000 | H12: =E12*1% -> 0 | I12: 2PN | K12: 12B | L12: =SUM(E230:E255) -> 10765072000 | M12: =SUM(F230:F255) -> 1995000000 | N12: =SUM(G230:G255) -> 315180000 | O12: =SUM(H230:H255) -> 107650720
A13: 518 | B13: 71.4 | C13: 16.6 | D13: B4-G | F13: 85000000 | G13: =(15000*(B13+C13)*12) -> 15840000 | H13: =E13*1% -> 0 | I13: 2PN | K13: 15 | L13: =SUM(E256:E281) -> 0 | M13: =SUM(F256:F281) -> 1995000000 | N13: =SUM(G256:G281) -> 315180000 | O13: =SUM(H256:H281) -> 0
A14: 519 | B14: 46.9 | C14: 10.5 | D14: A1-G | F14: 40000000 | G14: =(15000*(B14+C14)*12) -> 10332000 | H14: =E14*1% -> 0 | I14: 1PN+1 | K14: 16 | L14: =SUM(E282:E307) -> 0 | M14: =SUM(F282:F307) -> 1995000000 | N14: =SUM(G282:G307) -> 315180000 | O14: =SUM(H282:H307) -> 0
A15: 520 | B15: 30.3 | C15: 7 | D15: S1-G | F15: 35000000 | G15: =(15000*(B15+C15)*12) -> 6714000 | H15: =E15*1% -> 0 | I15: Studio | K15: 17 | L15: =SUM(E308:E333) -> 5555040000 | M15: =SUM(F308:F333) -> 1995000000 | N15: =SUM(G308:G333) -> 315180000 | O15: =SUM(H308:H333) -> 55550400
A16: 521 | B16: 66.5 | C16: 15.5 | D16: DK1-G | F16: =2*7000000 -> 14000000 | G16: =(15000*(B16+C16)*12) -> 14760000 | H16: =E16*1% -> 0 | I16: Dual Key | K16: 18 | L16: =SUM(E334:E359) -> 2.8244568e+09 | M16: =SUM(F334:F359) -> 1995000000 | N16: =SUM(G334:G359) -> 315180000 | O16: =SUM(H334:H359) -> 28244568
A17: 522 | B17: 72.2 | D17: B4-1 | F17: 85000000 | G17: =(B17*15000)*12 -> 12996000 | H17: =E17*1% -> 0 | I17: 2PN | K17: 19 | L17: =SUM(E360:E385) -> 0 | M17: =SUM(F360:F385) -> 1995000000 | N17: =SUM(G360:G385) -> 315180000 | O17: =SUM(H360:H385) -> 0
A18: 523 | B18: 71.7 | D18: B4-1 | F18: 85000000 | G18: =(B18*15000)*12 -> 12906000 | H18: =E18*1% -> 0 | I18: 2PN | K18: 20 | L18: =SUM(E386:E411) -> 0 | M18: =SUM(F386:F411) -> 1995000000 | N18: =SUM(G386:G411) -> 315180000 | O18: =SUM(H386:H411) -> 0
A19: 524 | B19: 71.7 | D19: B4-1 | F19: 85000000 | G19: =(B19*15000)*12 -> 12906000 | H19: =E19*1% -> 0 | I19: 2PN | K19: 21 | L19: =SUM(E412:E437) -> 5670032000 | M19: =SUM(F412:F437) -> 1995000000 | N19: =SUM(G412:G437) -> 315180000 | O19: =SUM(H412:H437) -> 56700320
A20: 525 | B20: 71.6 | D20: B4-1 | F20: 85000000 | G20: =(B20*15000)*12 -> 12888000 | H20: =E20*1% -> 0 | I20: 2PN | K20: 22 | L20: =SUM(E438:E463) -> 5755040000 | M20: =SUM(F438:F463) -> 1995000000 | N20: =SUM(G438:G463) -> 315180000 | O20: =SUM(H438:H463) -> 57550400
A21: 526 | B21: 72.3 | D21: B4-1 | F21: 85000000 | G21: =(B21*15000)*12 -> 13014000 | H21: =E21*1% -> 0 | I21: 2PN | K21: 23 | L21: =SUM(E464:E489) -> 0 | M21: =SUM(F464:F489) -> 1995000000 | N21: =SUM(G464:G489) -> 315180000 | O21: =SUM(H464:H489) -> 0
A22: 601 | B22: 102.7 | D22: C1 | F22: 125000000 | G22: =(B22*15000)*12 -> 18486000 | H22: =E22*1% -> 0 | I22: 3PN | K22: 24 | L22: =SUM(E490:E515) -> 5868736000 | M22: =SUM(F490:F515) -> 1995000000 | N22: =SUM(G490:G515) -> 315180000 | O22: =SUM(H490:H515) -> 58687360
A23: 602 | B23: 31.9 | D23: S2 | F23: 35000000 | G23: =(B23*15000)*12 -> 5742000 | H23: =E23*1% -> 0 | I23: Studio | K23: 25 | L23: =SUM(E516:E540) -> 1962740000 | M23: =SUM(F516:F540) -> 1700000000 | N23: =SUM(G516:G540) -> 304740000 | O23: =SUM(H516:H540) -> 19627400
A24: 603 | B24: 31.9 | D24: S2 | F24: 35000000 | G24: =(B24*15000)*12 -> 5742000 | H24: =E24*1% -> 0 | I24: Studio | K24: 26 | L24: =SUM(E541:E565) -> 0 | M24: =SUM(F541:F565) -> 1700000000 | N24: =SUM(G541:G565) -> 299322000 | O24: =SUM(H541:H565) -> 0
A25: 604 | B25: 36.5 | D25: S3 | F25: 35000000 | G25: =(B25*15000)*12 -> 6570000 | H25: =E25*1% -> 0 | I25: Studio | K25: 27 | L25: =SUM(E566:E586) -> 0 | M25: =SUM(F566:F586) -> 1555000000 | N25: =SUM(G566:G586) -> 289800000 | O25: =SUM(H566:H586) -> 0
A26: 605 | B26: 107.2 | D26: C2 | F26: 125000000 | G26: =(B26*15000)*12 -> 19296000 | H26: =E26*1% -> 0 | I26: 3PN | K26: 28 | L26: =SUM(E587:E603) -> 0 | M26: =SUM(F587:F606) -> 1385000000 | N26: =SUM(G587:G606) -> 260982000 | O26: =SUM(H587:H606) -> #REF!
A27: 606 | B27: 48.5 | D27: A2 | F27: 40000000 | G27: =(B27*15000)*12 -> 8730000 | H27: =E27*1% -> 0 | I27: 1PN+1
A28: 607 | B28: 73.8 | D28: B5 | F28: 85000000 | G28: =(B28*15000)*12 -> 13284000 | H28: =E28*1% -> 0 | I28: 2PN
A29: 608 | B29: 73.8 | D29: B5 | F29: 85000000 | G29: =(B29*15000)*12 -> 13284000 | H29: =E29*1% -> 0 | I29: 2PN
A30: 609 | B30: 73.8 | D30: B5 | F30: 85000000 | G30: =(B30*15000)*12 -> 13284000 | H30: =E30*1% -> 0 | I30: 2PN
A31: 610 | B31: 67.7 | D31: B3 | F31: 85000000 | G31: =(B31*15000)*12 -> 12186000 | H31: =E31*1% -> 0 | I31: 2PN
A32: 611 | B32: 68 | D32: B3 | F32: 85000000 | G32: =(B32*15000)*12 -> 12240000 | H32: =E32*1% -> 0 | I32: 2PN
A33: 612 | B33: 52.2 | D33: A3 | F33: 40000000 | G33: =(B33*15000)*12 -> 9396000 | H33: =E33*1% -> 0 | I33: 1PN+1
A34: 612A | B34: 73.8 | D34: B5 | F34: 85000000 | G34: =(B34*15000)*12 -> 13284000 | H34: =E34*1% -> 0 | I34: 2PN
A35: 612B | B35: 129.2 | D35: C3 | F35: 125000000 | G35: =(B35*15000)*12 -> 23256000 | H35: =E35*1% -> 0 | I35: 3PN
A36: 615 | B36: 70.8 | D36: B4-1 | F36: 85000000 | G36: =(B36*15000)*12 -> 12744000 | H36: =E36*1% -> 0 | I36: 2PN
A37: 616 | B37: 70.8 | D37: B4-1 | F37: 85000000 | G37: =(B37*15000)*12 -> 12744000 | H37: =E37*1% -> 0 | I37: 2PN
A38: 617 | B38: 70.8 | D38: B4-1 | F38: 85000000 | G38: =(B38*15000)*12 -> 12744000 | H38: =E38*1% -> 0 | I38: 2PN
A39: 618 | B39: 70.8 | D39: B4-1 | F39: 85000000 | G39: =(B39*15000)*12 -> 12744000 | H39: =E39*1% -> 0 | I39: 2PN
A40: 619 | B40: 46.5 | D40: A1 | F40: 40000000 | G40: =(B40*15000)*12 -> 8370000 | H40: =E40*1% -> 0 | I40: 1PN+1
A41: 620 | B41: 30.3 | D41: S1 | F41: 35000000 | G41: =(B41*15000)*12 -> 5454000 | H41: =E41*1% -> 0 | I41: Studio
A42: 621 | B42: 66 | D42: DK1 | F42: 85000000 | G42: =(B42*15000)*12 -> 11880000 | H42: =E42*1% -> 0 | I42: Dual Key
A43: 622 | B43: 70.8 | D43: B4-1 | F43: 85000000 | G43: =(B43*15000)*12 -> 12744000 | H43: =E43*1% -> 0 | I43: 2PN
A44: 623 | B44: 70.8 | D44: B4-1 | F44: 85000000 | G44: =(B44*15000)*12 -> 12744000 | H44: =E44*1% -> 0 | I44: 2PN
A45: 624 | B45: 70.8 | D45: B4-1 | F45: 85000000 | G45: =(B45*15000)*12 -> 12744000 | H45: =E45*1% -> 0 | I45: 2PN
A46: 625 | B46: 70.6 | D46: B4-1 | F46: 85000000 | G46: =(B46*15000)*12 -> 12708000 | H46: =E46*1% -> 0 | I46: 2PN
A47: 626 | B47: 70.8 | D47: B4-1 | F47: 85000000 | G47: =(B47*15000)*12 -> 12744000 | H47: =E47*1% -> 0 | I47: 2PN
A48: 701 | B48: 102.7 | D48: C1 | E48: 3771144000 | F48: 125000000 | G48: =(B48*15000)*12 -> 18486000 | H48: =E48*1% -> 37711440 | I48: 3PN
A49: 702 | B49: 31.9 | D49: S2 | F49: 35000000 | G49: =(B49*15000)*12 -> 5742000 | H49: =E49*1% -> 0 | I49: Studio
A50: 703 | B50: 31.9 | D50: S2 | F50: 35000000 | G50: =(B50*15000)*12 -> 5742000 | H50: =E50*1% -> 0 | I50: Studio
A51: 704 | B51: 36.5 | D51: S3 | F51: 35000000 | G51: =(B51*15000)*12 -> 6570000 | H51: =E51*1% -> 0 | I51: Studio
A52: 705 | B52: 107.2 | D52: C2 | E52: 4129344000 | F52: 125000000 | G52: =(B52*15000)*12 -> 19296000 | H52: =E52*1% -> 41293440 | I52: 3PN
A53: 706 | B53: 48.6 | D53: A2 | F53: 40000000 | G53: =(B53*15000)*12 -> 8748000 | H53: =E53*1% -> 0 | I53: 1PN+1
A54: 707 | B54: 73.8 | D54: B5 | F54: 85000000 | G54: =(B54*15000)*12 -> 13284000 | H54: =E54*1% -> 0 | I54: 2PN
A55: 708 | B55: 73.8 | D55: B5 | F55: 85000000 | G55: =(B55*15000)*12 -> 13284000 | H55: =E55*1% -> 0 | I55: 2PN
A56: 709 | B56: 73.8 | D56: B5 | F56: 85000000 | G56: =(B56*15000)*12 -> 13284000 | H56: =E56*1% -> 0 | I56: 2PN
A57: 710 | B57: 67.7 | D57: B3 | F57: 85000000 | G57: =(B57*15000)*12 -> 12186000 | H57: =E57*1% -> 0 | I57: 2PN
A58: 711 | B58: 68 | D58: B3 | F58: 85000000 | G58: =(B58*15000)*12 -> 12240000 | H58: =E58*1% -> 0 | I58: 2PN
A59: 712 | B59: 52.2 | D59: A3 | F59: 40000000 | G59: =(B59*15000)*12 -> 9396000 | H59: =E59*1% -> 0 | I59: 1PN+1
A60: 712A | B60: 73.8 | D60: B5 | F60: 85000000 | G60: =(B60*15000)*12 -> 13284000 | H60: =E60*1% -> 0 | I60: 2PN
A61: 712B | B61: 129.2 | D61: C3 | F61: 125000000 | G61: =(B61*15000)*12 -> 23256000 | H61: =E61*1% -> 0 | I61: 3PN
A62: 715 | B62: 70.8 | D62: B4-1 | F62: 85000000 | G62: =(B62*15000)*12 -> 12744000 | H62: =E62*1% -> 0 | I62: 2PN
A63: 716 | B63: 70.8 | D63: B4-1 | F63: 85000000 | G63: =(B63*15000)*12 -> 12744000 | H63: =E63*1% -> 0 | I63: 2PN
A64: 717 | B64: 70.8 | D64: B4-1 | F64: 85000000 | G64: =(B64*15000)*12 -> 12744000 | H64: =E64*1% -> 0 | I64: 2PN
A65: 718 | B65: 70.8 | D65: B4-1 | E65: 2548800000 | F65: 85000000 | G65: =(B65*15000)*12 -> 12744000 | H65: =E65*1% -> 25488000 | I65: 2PN
A66: 719 | B66: 46.5 | D66: A1 | F66: 40000000 | G66: =(B66*15000)*12 -> 8370000 | H66: =E66*1% -> 0 | I66: 1PN+1
A67: 720 | B67: 30.3 | D67: S1 | F67: 35000000 | G67: =(B67*15000)*12 -> 5454000 | H67: =E67*1% -> 0 | I67: Studio
A68: 721 | B68: 66 | D68: DK1 | F68: 85000000 | G68: =(B68*15000)*12 -> 11880000 | H68: =E68*1% -> 0 | I68: Dual Key
A69: 722 | B69: 70.8 | D69: B4-1 | F69: 85000000 | G69: =(B69*15000)*12 -> 12744000 | H69: =E69*1% -> 0 | I69: 2PN
A70: 723 | B70: 70.8 | D70: B4-1 | F70: 85000000 | G70: =(B70*15000)*12 -> 12744000 | H70: =E70*1% -> 0 | I70: 2PN
A71: 724 | B71: 70.8 | D71: B4-1 | F71: 85000000 | G71: =(B71*15000)*12 -> 12744000 | H71: =E71*1% -> 0 | I71: 2PN
A72: 725 | B72: 70.7 | D72: B4-1 | F72: 85000000 | G72: =(B72*15000)*12 -> 12726000 | H72: =E72*1% -> 0 | I72: 2PN
A73: 726 | B73: 70.8 | D73: B4-1 | F73: 85000000 | G73: =(B73*15000)*12 -> 12744000 | H73: =E73*1% -> 0 | I73: 2PN
A74: 801 | B74: 102.7 | D74: C1 | E74: 3790144000 | F74: 125000000 | G74: =(B74*15000)*12 -> 18486000 | H74: =E74*1% -> 37901440 | I74: 3PN
A75: 802 | B75: 31.9 | D75: S2 | F75: 35000000 | G75: =(B75*15000)*12 -> 5742000 | H75: =E75*1% -> 0 | I75: Studio
A76: 803 | B76: 31.9 | D76: S2 | F76: 35000000 | G76: =(B76*15000)*12 -> 5742000 | H76: =E76*1% -> 0 | I76: Studio
A77: 804 | B77: 36.5 | D77: S3 | F77: 35000000 | G77: =(B77*15000)*12 -> 6570000 | H77: =E77*1% -> 0 | I77: Studio
A78: 805 | B78: 107.2 | D78: C2 | F78: 125000000 | G78: =(B78*15000)*12 -> 19296000 | H78: =E78*1% -> 0 | I78: 3PN
A79: 806 | B79: 48.6 | D79: A2 | F79: 40000000 | G79: =(B79*15000)*12 -> 8748000 | H79: =E79*1% -> 0 | I79: 1PN+1
A80: 807 | B80: 73.8 | D80: B5 | E80: 2.6744568e+09 | F80: 85000000 | G80: =(B80*15000)*12 -> 13284000 | H80: =E80*1% -> 26744568 | I80: 2PN
A81: 808 | B81: 73.8 | D81: B5 | F81: 85000000 | G81: =(B81*15000)*12 -> 13284000 | H81: =E81*1% -> 0 | I81: 2PN
A82: 809 | B82: 73.8 | D82: B5 | E82: 2724936000 | F82: 85000000 | G82: =(B82*15000)*12 -> 13284000 | H82: =E82*1% -> 27249360 | I82: 2PN
A83: 810 | B83: 67.7 | D83: B3 | F83: 85000000 | G83: =(B83*15000)*12 -> 12186000 | H83: =E83*1% -> 0 | I83: 2PN
A84: 811 | B84: 68 | D84: B3 | F84: 85000000 | G84: =(B84*15000)*12 -> 12240000 | H84: =E84*1% -> 0 | I84: 2PN
A85: 812 | B85: 52.2 | D85: A3 | F85: 40000000 | G85: =(B85*15000)*12 -> 9396000 | H85: =E85*1% -> 0 | I85: 1PN+1
A86: 812A | B86: 73.8 | D86: B5 | F86: 85000000 | G86: =(B86*15000)*12 -> 13284000 | H86: =E86*1% -> 0 | I86: 2PN
A87: 812B | B87: 129.2 | D87: C3 | F87: 125000000 | G87: =(B87*15000)*12 -> 23256000 | H87: =E87*1% -> 0 | I87: 3PN
A88: 815 | B88: 70.8 | D88: B4-1 | F88: 85000000 | G88: =(B88*15000)*12 -> 12744000 | H88: =E88*1% -> 0 | I88: 2PN
A89: 816 | B89: 70.8 | D89: B4-1 | F89: 85000000 | G89: =(B89*15000)*12 -> 12744000 | H89: =E89*1% -> 0 | I89: 2PN
A90: 817 | B90: 70.8 | D90: B4-1 | F90: 85000000 | G90: =(B90*15000)*12 -> 12744000 | H90: =E90*1% -> 0 | I90: 2PN
A91: 818 | B91: 70.8 | D91: B4-1 | F91: 85000000 | G91: =(B91*15000)*12 -> 12744000 | H91: =E91*1% -> 0 | I91: 2PN
A92: 819 | B92: 46.5 | D92: A1 | F92: 40000000 | G92: =(B92*15000)*12 -> 8370000 | H92: =E92*1% -> 0 | I92: 1PN+1
A93: 820 | B93: 30.3 | D93: S1 | F93: 35000000 | G93: =(B93*15000)*12 -> 5454000 | H93: =E93*1% -> 0 | I93: Studio
A94: 821 | B94: 66 | D94: DK1 | F94: 85000000 | G94: =(B94*15000)*12 -> 11880000 | H94: =E94*1% -> 0 | I94: Dual Key
A95: 822 | B95: 70.8 | D95: B4-1 | F95: 85000000 | G95: =(B95*15000)*12 -> 12744000 | H95: =E95*1% -> 0 | I95: 2PN
A96: 823 | B96: 70.8 | D96: B4-1 | F96: 85000000 | G96: =(B96*15000)*12 -> 12744000 | H96: =E96*1% -> 0 | I96: 2PN
A97: 824 | B97: 70.8 | D97: B4-1 | F97: 85000000 | G97: =(B97*15000)*12 -> 12744000 | H97: =E97*1% -> 0 | I97: 2PN
A98: 825 | B98: 70.7 | D98: B4-1 | F98: 85000000 | G98: =(B98*15000)*12 -> 12726000 | H98: =E98*1% -> 0 | I98: 2PN
A99: 826 | B99: 70.8 | D99: B4-1 | F99: 85000000 | G99: =(B99*15000)*12 -> 12744000 | H99: =E99*1% -> 0 | I99: 2PN
... A111: 912 | B111: 52.2 | D111: A3 | F111: 40000000 | G111: =(B111*15000)*12 -> 9396000 | H111: =E111*1% -> 0 | I111: 1PN+1
A112: 912A | B112: 73.8 | D112: B5 | F112: 85000000 | G112: =(B112*15000)*12 -> 13284000 | H112: =E112*1% -> 0 | I112: 2PN
...

Sheet Bảng hàng CT4 tổng hợp
B1: Công ty TNHH Agape Việt Nam - Phòng Kinh Doanh
B2: Bảng giá tổng hợp Sentosa Sky Park (Update ngày 06/07/2023)
A4: Type | B4: C1 | C4: S2 | D4: S2 | E4: S3 | F4: A3 | G4: B5 | H4: C3-G | I4: B4-G | J4: B4-G | K4: B4-G | L4: B4-G | M4: A1-G | N4: S1-G | O4: DK1-G | P4: B4-1 | Q4: B4-1 | R4: B4-1 | S4: B4-1 | T4: B4-1
A5: Tầng 5 | B5: 103.9 m2 | C5: 32,1 m2 | D5: 32,1 m2 | E5: 36.5 m2 | F5: 52.1 m2 | G5: 75,1 m2 | H5: 128.8 m2 | I5: 71.3 m2 | J5: 71.7 m2 | K5: 71.8 m2 | L5: 71.4 m2 | M5: 46.9 m2 | N5: 30.3 m2 | O5: 66.5 m2 | P5: 72.2 m2 | Q5: 71.7 m2 | R5: 71.7 m2 | S5: 71.6 m2 | T5: 72.3 m2
A6: Sân vườn | B6: − | C6: − | D6: − | E6: − | F6: − | G6: − | H6: 14.0 m2 | I6: 16.6 m2 | J6: 16.5 m2 | K6: 16.5 m2 | L6: 16.6 m2 | M6: 10.5 m2 | N6: 7.0 m2 | O6: 15.5 m2 | P6: − | Q6: − | R6: − | S6: − | T6: −
A7: Mã căn hộ | B7: 501 | C7: 502 | D7: 503 | E7: 504 | F7: 512 | G7: 512A | H7: 512B | I7: 515 | J7: 516 | K7: 517 | L7: 518 | M7: 519 | N7: 520 | O7: 521 | P7: 522 | Q7: 523 | R7: 524 | S7: 525 | T7: 526
A8: 5F | J8: 2916072000
A9: Type | B9: C1 | C9: S2 | D9: S2 | E9: S3 | F9: C2 | G9: A2 | H9: B5 | I9: B5 | J9: B5 | K9: B3 | L9: B3 | M9: A3 | N9: B5 | O9: C3 | P9: B4-1 | Q9: B4-1 | R9: B4-1 | S9: B4-1 | T9: A1 | U9: S1 | V9: DK1 | W9: B4-1 | X9: B4-1 | Y9: B4-1 | Z9: B4-1 | AA9: B4-1
A10: Tầng 6 | B10: 102.7 m2 | C10: 31.9 m2 | D10: 31.9 m2 | E10: 36.5 m2 | F10: 107.2 m2 | G10: 48.5 m2 | H10: 73.8 m2 | I10: 73.8 m2 | J10: 73.8 m2 | K10: 67.7 m2 | L10: 68.0 m2 | M10: 52.2 m2 | N10: 73.8 m2 | O10: 129.2 m2 | P10: 70.8 m2 | Q10: 70.8 m2 | R10: 70.8 m2 | S10: 70.8 m2 | T10: 46.5 m2 | U10: 30.3 m2 | V10: 66.0 m2 | W10: 70.8 m2 | X10: 70.8 m2 | Y10: 70.8 m2 | Z10: 70.6 m2 | AA10: 70.8 m2
A11: Mã căn hộ | B11: 601 | C11: 602 | D11: 603 | E11: 604 | F11: 605 | G11: 606 | H11: 607 | I11: 608 | J11: 609 | K11: 610 | L11: 611 | M11: 612 | N11: 612A | O11: 612B | P11: 615 | Q11: 616 | R11: 617 | S11: 618 | T11: 619 | U11: 620 | V11: 621 | W11: 622 | X11: 623 | Y11: 624 | Z11: 625 | AA11: 626
A12: 6F
A13: Type | B13: C1 | C13: S2 | D13: S2 | E13: S3 | F13: C2 | G13: A2 | H13: B5 | I13: B5 | J13: B5 | K13: B3 | L13: B3 | M13: A3 | N13: B5 | O13: C3 | P13: B4-1 | Q13: B4-1 | R13: B4-1 | S13: B4-1 | T13: A1 | U13: S1 | V13: DK1 | W13: B4-1 | X13: B4-1 | Y13: B4-1 | Z13: B4-1 | AA13: B4-1
A14: Tầng 7 - 24 | B14: 102.7 m2 | C14: 31.9 m2 | D14: 31.9 m2 | E14: 36.5 m2 | F14: 107.2 m2 | G14: 48.6 m2 | H14: 73.8 m2 | I14: 73.8 m2 | J14: 73.8 m2 | K14: 67.7 m2 | L14: 68.0 m2 | M14: 52.2 m2 | N14: 73.8 m2 | O14: 129.2 m2 | P14: 70.8 m2 | Q14: 70.8 m2 | R14: 70.8 m2 | S14: 70.8 m2 | T14: 46.5 m2 | U14: 30.3 m2 | V14: 66.0 m2 | W14: 70.8 m2 | X14: 70.8 m2 | Y14: 70.8 m2 | Z14: 70.7 m2 | AA14: 70.8 m2
A15: Mã căn hộ | B15: 701 | C15: 702 | D15: 703 | E15: 704 | F15: 705 | G15: 706 | H15: 707 | I15: 708 | J15: 709 | K15: 710 | L15: 711 | M15: 712 | N15: 712A | O15: 712B | P15: 715 | Q15: 716 | R15: 717 | S15: 718 | T15: 719 | U15: 720 | V15: 721 | W15: 722 | X15: 723 | Y15: 724 | Z15: 725 | AA15: 726
A16: 7F | B16: 3771144000 | F16: 4129344000 | S16: 2548800000
A17: Mã căn hộ | B17: 801 | C17: 802 | D17: 803 | E17: 804 | F17: 805 | G17: 806 | H17: 807 | I17: 808 | J17: 809 | K17: 810 | L17: 811 | M17: 812 | N17: 812A | O17: 812B | P17: 815 | Q17: 816 | R17: 817 | S17: 818 | T17: 819 | U17: 820 | V17: 821 | W17: 822 | X17: 823 | Y17: 824 | Z17: 825 | AA17: 826
A18: 8F | B18: 3790144000 | H18: 2.6744568e+09 | J18: 2724936000
A19: Mã căn hộ | B19: 901 | C19: 902 | D19: 903 | E19: 904 | F19: 905 | G19: 906 | H19: 907 | I19: 908 | J19: 909 | K19: 910 | L19: 911 | M19: 912 | N19: 912A | O19: 912B | P19: 915 | Q19: 916 | R19: 917 | S19: 918 | T19: 919 | U19: 920 | V19: 921 | W19: 922 | X19: 923 | Y19: 924 | Z19: 925 | AA19: 926
A20: 9F | O20: 5107808000 | R20: 2578800000
A21: Mã căn hộ | B21: 1001 | C21: 1002 | D21: 1003 | E21: 1004 | F21: 1005 | G21: 1006 | H21: 1007 | I21: 1008 | J21: 1009 | K21: 1010 | L21: 1011 | M21: 1012 | N21: 1012A | O21: 1012B | P21: 1015 | Q21: 1016 | R21: 1017 | S21: 1018 | T21: 1019 | U21: 1020 | V21: 1021 | W21: 1022 | X21: 1023 | Y21: 1024 | Z21: 1025 | AA21: 1026
A22: 10F | S22: 2593800000 | Y22: 2721240000
A23: Mã căn hộ | B23: 1101 | C23: 1102 | D23: 1103 | E23: 1104 | F23: 1105 | G23: 1106 | H23: 1107 | I23: 1108 | J23: 1109 | K23: 1110 | L23: 1111 | M23: 1112 | N23: 1112A | O23: 1112B | P23: 1115 | Q23: 1116 | R23: 1117 | S23: 1118 | T23: 1119 | U23: 1120 | V23: 1121 | W23: 1122 | X23: 1123 | Y23: 1124 | Z23: 1125 | AA23: 1126
A24: 11F | O24: 5145808000 | P24: 2736240000 | Z24: 2736240000
A25: Mã căn hộ | B25: 1201 | C25: 1202 | D25: 1203 | E25: 1204 | F25: 1205 | G25: 1206 | H25: 1207 | I25: 1208 | J25: 1209 | K25: 1210 | L25: 1211 | M25: 1212 | N25: 1212A | O25: 1212B | P25: 1215 | Q25: 1216 | R25: 1217 | S25: 1218 | T25: 1219 | U25: 1220 | V25: 1221 | W25: 1222 | X25: 1223 | Y25: 1224 | Z25: 1225 | AA25: 1226
A26: 12F | X26: 2751240000 | AA26: 2623800000
A27: Mã căn hộ | B27: 12A01 | C27: 12A02 | D27: 12A03 | E27: 12A04 | F27: 12A05 | G27: 12A06 | H27: 12A07 | I27: 12A08 | J27: 12A09 | K27: 12A10 | L27: 12A11 | M27: 12A12 | N27: 12A12A | O27: 12A12B | P27: 12A15 | Q27: 12A16 | R27: 12A17 | S27: 12A18 | T27: 12A19 | U27: 12A20 | V27: 12A21 | W27: 12A22 | X27: 12A23 | Y27: 12A24 | Z27: 12A25 | AA27: 12A26
A28: 12A F | F28: 4243344000 | I28: 2799936000
A29: Mã căn hộ | B29: 12B01 | C29: 12B02 | D29: 12B03 | E29: 12B04 | F29: 12B05 | G29: 12B06 | H29: 12B07 | I29: 12B08 | J29: 12B09 | K29: 12B10 | L29: 12B11 | M29: 12B12 | N29: 12B12A | O29: 12B12B | P29: 12B15 | Q29: 12B16 | R29: 12B17 | S29: 12B18 | T29: 12B19 | U29: 12B20 | V29: 12B21 | W29: 12B22 | X29: 12B23 | Y29: 12B24 | Z29: 12B25 | AA29: 12B26
A30: 12B F | N30: 2974344000 | O30: 5202808000
A31: Mã căn hộ | B31: 1501 | C31: 1502 | D31: 1503 | E31: 1504 | F31: 1505 | G31: 1506 | H31: 1507 | I31: 1508 | J31: 1509 | K31: 1510 | L31: 1511 | M31: 1512 | N31: 1512A | O31: 1512B | P31: 1515 | Q31: 1516 | R31: 1517 | S31: 1518 | T31: 1519 | U31: 1520 | V31: 1521 | W31: 1522 | X31: 1523 | Y31: 1524 | Z31: 1525 | AA31: 1526
A32: 15F
A33: Mã căn hộ | B33: 1601 | C33: 1602 | D33: 1603 | E33: 1604 | F33: 1605 | G33: 1606 | H33: 1607 | I33: 1608 | J33: 1609 | K33: 1610 | L33: 1611 | M33: 1612 | N33: 1612A | O33: 1612B | P33: 1615 | Q33: 1616 | R33: 1617 | S33: 1618 | T33: 1619 | U33: 1620 | V33: 1621 | W33: 1622 | X33: 1623 | Y33: 1624 | Z33: 1625 | AA33: 1626
A34: 16F
A35: Mã căn hộ | B35: 1701 | C35: 1702 | D35: 1703 | E35: 1704 | F35: 1705 | G35: 1706 | H35: 1707 | I35: 1708 | J35: 1709 | K35: 1710 | L35: 1711 | M35: 1712 | N35: 1712A | O35: 1712B | P35: 1715 | Q35: 1716 | R35: 1717 | S35: 1718 | T35: 1719 | U35: 1720 | V35: 1721 | W35: 1722 | X35: 1723 | Y35: 1724 | Z35: 1725 | AA35: 1726
A36: 17F | Q36: 2841240000 | R36: 2713800000
A37: Mã căn hộ | B37: 1801 | C37: 1802 | D37: 1803 | E37: 1804 | F37: 1805 | G37: 1806 | H37: 1807 | I37: 1808 | J37: 1809 | K37: 1810 | L37: 1811 | M37: 1812 | N37: 1812A | O37: 1812B | P37: 1815 | Q37: 1816 | R37: 1817 | S37: 1818 | T37: 1819 | U37: 1820 | V37: 1821 | W37: 1822 | X37: 1823 | Y37: 1824 | Z37: 1825 | AA37: 1826
A38: 18F | H38: 2.8244568e+09
A39: Mã căn hộ | B39: 1901 | C39: 1902 | D39: 1903 | E39: 1904 | F39: 1905 | G39: 1906 | H39: 1907 | I39: 1908 | J39: 1909 | K39: 1910 | L39: 1911 | M39: 1912 | N39: 1912A | O39: 1912B | P39: 1915 | Q39: 1916 | R39: 1917 | S39: 1918 | T39: 1919 | U39: 1920 | V39: 1921 | W39: 1922 | X39: 1923 | Y39: 1924 | Z39: 1925 | AA39: 1926
A40: 19F
A41: Mã căn hộ | B41: 2001 | C41: 2002 | D41: 2003 | E41: 2004 | F41: 2005 | G41: 2006 | H41: 2007 | I41: 2008 | J41: 2009 | K41: 2010 | L41: 2011 | M41: 2012 | N41: 2012A | O41: 2012B | P41: 2015 | Q41: 2016 | R41: 2017 | S41: 2018 | T41: 2019 | U41: 2020 | V41: 2021 | W41: 2022 | X41: 2023 | Y41: 2024 | Z41: 2025 | AA41: 2026
A42: 20F
A43: Mã căn hộ | B43: 2101 | C43: 2102 | D43: 2103 | E43: 2104 | F43: 2105 | G43: 2106 | H43: 2107 | I43: 2108 | J43: 2109 | K43: 2110 | L43: 2111 | M43: 2112 | N43: 2112A | O43: 2112B | P43: 2115 | Q43: 2116 | R43: 2117 | S43: 2118 | T43: 2119 | U43: 2120 | V43: 2121 | W43: 2122 | X43: 2123 | Y43: 2124 | Z43: 2125 | AA43: 2126
A44: 21F | K44: 2793432000 | L44: 2876600000
A45: Mã căn hộ | B45: 2201 | C45: 2202 | D45: 2203 | E45: 2204 | F45: 2205 | G45: 2206 | H45: 2207 | I45: 2208 | J45: 2209 | K45: 2210 | L45: 2211 | M45: 2212 | N45: 2212A | O45: 2212B | P45: 2215 | Q45: 2216 | R45: 2217 | S45: 2218 | T45: 2219 | U45: 2220 | V45: 2221 | W45: 2222 | X45: 2223 | Y45: 2224 | Z45: 2225 | AA45: 2226
A46: 22F | Q46: 2941240000 | AA46: 2813800000
A47: Mã căn hộ | B47: 2301 | C47: 2302 | D47: 2303 | E47: 2304 | F47: 2305 | G47: 2306 | H47: 2307 | I47: 2308 | J47: 2309 | K47: 2310 | L47: 2311 | M47: 2312 | N47: 2312A | O47: 2312B | P47: 2315 | Q47: 2316 | R47: 2317 | S47: 2318 | T47: 2319 | U47: 2320 | V47: 2321 | W47: 2322 | X47: 2323 | Y47: 2324 | Z47: 2325 | AA47: 2326
A48: 23F
A49: Mã căn hộ | B49: 2401 | C49: 2402 | D49: 2403 | E49: 2404 | F49: 2405 | G49: 2406 | H49: 2407 | I49: 2408 | J49: 2409 | K49: 2410 | L49: 2411 | M49: 2412 | N49: 2412A | O49: 2412B | P49: 2415 | Q49: 2416 | R49: 2417 | S49: 2418 | T49: 2419 | U49: 2420 | V49: 2421 | W49: 2422 | X49: 2423 | Y49: 2424 | Z49: 2425 | AA49: 2426
A50: 24F | J50: 3014936000 | S50: 2853800000
A51: Type | B51: C1 | C51: S2 | D51: S2 | E51: S3 | F51: C2 | G51: A2 | H51: B5 | I51: B5 | J51: B5 | K51: B3 | M51: A3 | N51: P2 | O51: P4 | P51: B4-1 | Q51: B4-1 | R51: B4-1 | S51: A1 | T51: S1 | U51: DK1 | V51: B4-1 | W51: B4-1 | X51: B4-1 | Y51: B4-1 | Z51: B4-1
A52: Tầng 25 | B52: 102.7 m2 | C52: 31.9 m2 | D52: 31.9 m2 | E52: 36.5 m2 | F52: 107.2 m2 | G52: 48.6 m2 | H52: 73.8 m2 | I52: 73.8 m2 | J52: 73.8 m2 | K52: 67.7 m2 | L52: 68.0 m2 | M52: 52.2 m2 | N52: 99.0 m2 | O52: 116.9 m2 | P52: 70.8m2 | Q52: 70.8m2 | R52: 70.8m2 | S52: 46.5 m2 | T52: 30.3 m2 | U52: 66.0 m2 | V52: 70.8 m2 | W52: 70.8 m2 | X52: 70.8 m2 | Y52: 70.6 m2 | Z52: 70.8 m2
A53: Sân vườn | C53: − | D53: − | E53: − | F53: − | G53: − | H53: − | I53: − | J53: − | K53: − | L53: − | M53: − | N53: 36.2 m2 | O53: 36.6 m2 | P53: − | Q53: − | R53: − | S53: − | T53: − | U53: − | V53: − | X53: − | Y53: − | Z53: −
A54: Mã căn hộ | B54: 2501 | C54: 2502 | D54: 2503 | E54: 2504 | F54: 2505 | G54: 2506 | H54: 2507 | I54: 2508 | J54: 2509 | K54: 2510 | L54: 2511 | M54: 2512 | N54: 2512B | O54: 2515 | P54: 2516 | Q54: 2517 | R54: 2518 | S54: 2519 | T54: 2520 | U54: 2521 | V54: 2522 | W54: 2523 | X54: 2524 | Y54: 2525 | Z54: 2526
A55: 25F | S55: 1962740000
A56: Type | B56: C1 | C56: S2 | D56: S2 | E56: S3 | F56: C2 | G56: A2 | H56: B5 | I56: B5 | J56: B5 | K56: B3 | L56: 23 | M56: A3 | N56: P1 | O56: P3 | P56: B4-1 | Q56: B4-1 | R56: B4-1 | S56: A1 | T56: S1 | U56: DK1 | V56: B4-1 | W56: B4-1 | X56: B4-1 | Y56: B4-1 | Z56: B4-1
A57: Tầng 26 | B57: 102.7 m2 | C57: 31.9 m2 | D57: 31.9 m2 | E57: 36.6 m2 | F57: 107.2 m2 | G57: 48.6 m2 | H57: 73,8 m2 | I57: 73,8 m2 | J57: B5 | K57: 67.7 m2 | L57: 68.0 m2 | M57: 52.2 m2 | N57: 88.2 m2 | O57: 117.3 m2 | P57: 50.9 | Q57: 70.8 | R57: 70.8 | S57: 46.5 m2 | T57: 30.3 m2 | U57: 66.0 m2 | V57: 70.8 m2 | W57: 70.8 m2 | X57: 70.8 m2 | Y57: 70.7 m2 | Z57: 70.8 m2
A58: Sân vườn | B58: − | C58: − | D58: − | E58: − | F58: − | G58: − | H58: − | I58: − | J58: − | K58: − | L58: − | M58: − | N58: 24.8 m2 | O58: 23.2 | P58: − | Q58: − | R58: − | S58: − | T58: − | U58: − | V58: − | W58: − | X58: − | Y58: − | Z58: −
A59: Mã căn hộ | B59: 2601 | C59: 2602 | D59: 2603 | E59: 2604 | F59: 2605 | G59: 2606 | H59: 2607 | I59: 2608 | J59: 2609 | K59: 2610 | L59: 2611 | M59: 2612 | N59: 2612B | O59: 2615 | P59: 2616 | Q59: 2617 | R59: 2618 | S59: 2619 | T59: 2620 | U59: 2621 | V59: 2622 | W59: 2623 | X59: 2624 | Y59: 2625 | Z59: 2626
A60: 26F
A61: Type | B61: C1 | C61: A2 | D61: P8 | E61: B5 | F61: B5 | G61: B5 | H61: B3 | I61: B3 | J61: A3 | K61: D1 | L61: P6 | M61: B4-1 | N61: B4-1 | O61: A1 | P61: S1 | Q61: DK1 | R61: B4-1 | S61: B4-1 | T61: B4-1 | U61: B4-1 | V61: B4-1
A62: Tầng 27 | B62: 102.8 m2 | C62: 48.3 m2 | D62: 140.5 | E62: 73.8 m2 | F62: 73.8 m2 | G62: 73.8 m2 | H62: 67.7 m2 | I62: 68.0 m2 | J62: 52.2 m2 | K62: 79.2 m2 | L62: 134.4 m2 | M62: 70.8 m2 | N62: 70.8 m2 | O62: 46.5 m2 | P62: 30.3 m2 | Q62: 66.0 m2 | R62: 70.8 m2 | S62: 70.8 m2 | T62: 70.8 m2 | U62: 70.6 m2 | V62: 70.8 m2
B63: − | C63: − | D63: 91.9 | E63: − | F63: − | G63: − | H63: − | I63: − | J63: − | K63: 21.1 m2 | L63: 35.6 m2 | M63: − | N63: − | O63: − | P63: − | Q63: − | R63: − | S63: − | T63: − | U63: − | V63: −
A64: Mã căn hộ | B64: 2701 | C64: 2702 | D64: 2706 | E64: 2707 | F64: 2708 | G64: 2709 | H64: 2710 | I64: 2711 | J64: 2712 | K64: 2715 | L64: 2716 | M64: 2717 | N64: 2718 | O64: 2719 | P64: 2720 | Q64: 2721 | R64: 2722 | S64: 2723 | T64: 2724 | U64: 2725 | V64: 2726
A65: 27F
A66: Type | B66: C1 | C66: A2 | D66: P7 | E66: B5 | F66: B5 | G66: B5 | H66: B3 | I66: B3 | J66: A3 | K66: D1 | L66: P5 | M66: A1 | N66: B4-1 | O66: A1 | P66: S1 | Q66: DK1 | R66: B4-1 | S66: B4-1 | T66: B4-1 | U66: B4-1 | V66: B4-1
A67: Tầng 28 | B67: 103.0 m2 | C67: 48.5 m2 | D67: 141,2 m2 | E67: 74.1 m2 | F67: 74.1 m2 | G67: 74.1 m2 | H67: 68.2 m2 | I67: 68.2 m2 | J67: 52.3 m2 | K67: 57.3 m2 | L67: 129.5 m2 | M67: 46.7 m2 | N67: 71.1 m2 | O67: 46.6 m2 | P67: 30.5 m2 | Q67: 66.4 m2 | R67: 71.1 m2 | S67: 71.1 m2 | T67: 71.1 m2 | U67: 71.0 m2 | V67: 71.1 m2
B68: − | C68: − | D68: 33.0 m2 | E68: − | F68: − | G68: − | H68: − | I68: − | J68: − | K68: 23.5 m2 | L68: 30.4 m2 | M68: − | N68: − | O68: − | P68: − | Q68: − | R68: − | S68: − | T68: − | U68: − | V68: −
A69: Mã căn hộ (Room) | B69: 2801 | C69: 2802 | D69: 2806 | E69: 2807 | F69: 2808 | G69: 2809 | H69: 2810 | I69: 2811 | J69: 2812 | K69: 2815 | L69: 2816 | M69: 2817 | N69: 2818 | O69: 2819 | P69: 2820 | Q69: 2821 | R69: 2822 | S69: 2823 | T69: 2824 | U69: 2825 | V69: 2826
A70: 28F

Sheet NV AGAPE
B1: CÔNG TY TNHH AGAPE VIỆT NAM
C3: PHIẾU TÍNH GIÁ SENTOSA SKY PARK
C5: Thời gian áp dụng: Từ ngày 01/07/2023 đến khi có chính sách mới
C7: Nhóm khách hàng: | F7: Cá nhân
C8: Tòa nhà: | F8: CT4
B9: 1 | C9: Họ và tên khách hàng | E9: Dương Hoàng Long
B10: 2 | C10: Mã căn hộ số | F10: 601
B11: 3 | C11: Tầng | F11: =IF(LEFT(F10,3)="12A","12A",IF(LEFT(F10,3)="12B","12B",IF(LEFT(F10,3)="22A","22A",IF(LEFT(F10,3)="22B","22B",IF(LEN(F10)=5,LEFT(F10,2),IF(AND(LEN(F10)=4,VALUE(LEFT(F10,3))>500),LEFT(F10,1),IF(AND(LEN(F10)=4,VALUE(LEFT(F10,3))<500),LEFT(F10,2),LEFT(F10,1)))))))) -> 6
B12: 4 | C12: Diện tích sử dụng (m2) | F12: =VLOOKUP(F10,Sheet2!A3:D606,2,0) -> 102.7
B13: 4.1 | C13: Diện tích sân vườn (m2) | F13: =VLOOKUP(F10,Sheet2!A3:D606,3,0) -> 0
B14: 5 | C14: Ký hiệu loại căn hộ | F14: =VLOOKUP(F10,Sheet2!A3:E606,4,0) -> C1
B15: 5.1 | C15: Loại căn hộ | F15: =VLOOKUP(F10,Sheet2!A3:I606,9,0) -> 3PN
B16: 6 | C16: Tổng giá trị căn hộ (đã bao gồm VAT) | F16: =VLOOKUP(F10,Sheet2!A3:I606,5,0) -> 0
B17: 6.1 | C17: Giá bán thuần (Giá trị căn hộ trước VAT) | F17: =ROUND(F16/1.1,0) -> 0
B18: 6.2 | C18: Thuế GTGT (Thuế VAT 10%) | F18: =F16-F17 -> 0
B19: 7 | C19: CHÍNH SÁCH BÁN HÀNG | F19: =F20+F21+F22 -> 143486000 | P19: 1PN | Q19: 2PN | R19: 3PN
B20: 7.1 | C20: Tặng gói SMART | F20: =VLOOKUP(F10,Sheet2!A3:F605,6) -> 125000000 | O20: 2 | P20: 20000000 | Q20: 20000000 | R20: 25000000
B21: 7.2 | C21: Miễn 01 năm phí quản lý | F21: =VLOOKUP(F10,Sheet2!A3:G606,7,0) -> 18486000 | O21: 4 | P21: 50000000 | Q21: 50000000 | R21: 70000000
B22: 8 | C22: Chiết khấu nhân viên Công ty TNHH Agape Việt Nam | E22: 5% | F22: =F16*E22 -> 0
B23: 9 | C23: Tổng giá bán căn hộ sau chiết khấu (đã bao gồm VAT) | F23: =F16-F19 -> -143486000 | O23: 7 | P23: 70000000 | Q23: 70000000 | R23: 90000000
B24: 9.1 | C24: Đơn giá | F24: =F23/(F12+F13) -> -1397137.3
B25: 9.2 | C25: Giá bán thuần (Giá trị căn hộ trước VAT) | F25: =ROUND(F23/1.1,0) -> -130441818 | O25: 8 | P25: 70000000 | Q25: 70000000 | R25: 90000000
B26: 9.3 | C26: Thuế GTGT (Thuế VAT 10%) | F26: =F23-F25 -> -13044182 | O26: 9 | P26: 70000000 | Q26: 70000000 | R26: 90000000
B27: ※Không bao gồm phí phát hành sổ hồng
B28: STT | C28: Tiến độ thanh toán | D28: Tỷ lệ thanh toán | E28: Ngày dự kiến thanh toán | F28: Tổng số tiền thanh toán các đợt theo tiến độ
B29: Đặt cọc | C29: Khi ký Đơn đăng ký giữ chỗ | D29: 100 triệu | F29: 100000000
B30: Lần 1 | C30: Khi ký Văn bản thỏa thuận đặt cọc, trong vòng 07 ngày kể từ ngày ký đơn ĐKGC | D30: 10% giá bán căn hộ (đã bao gồm VAT) | F30: =F23*10%-F29 -> -114348600
B31: Lần 2 | C31: Trong vòng 30 ngày, kể từ ngày ký TTĐC | D31: 10% giá bán căn hộ (đã bao gồm VAT) | F31: =F23*10% -> -14348600
B32: Lần 3 | C32: Khi có thông báo nộp tiền và ký HĐMB | D32: 10% giá bán căn hộ (đã bao gồm VAT) | E32: dự kiến Quý IV/2023 | F32: =F23*10% -> -14348600
B33: Lần 4 | C33: Trong vòng 60 ngày, kể từ ngày ký HĐMB | D33: 10% giá bán căn hộ (đã bao gồm VAT) | F33: =F23*10% -> -14348600
B34: Lần 5 | C34: Trong vòng 120 ngày, kể từ ngày ký HĐMB | D34: 10% giá bán căn hộ (đã bao gồm VAT) | F34: =F23*10% -> -14348600
B35: Lần 6 | C35: Theo thông báo nhận bàn giao căn hộ (Dự kiến quý II/2025) | D35: (1) 45% giá bán căn hộ (đã bao gồm VAT) | F35: =F23*45% -> -64568700
D36: (2) Kinh Phí bảo trì: 2% giá trị căn hộ (tạm tính) | F36: =F25*2% -> -2608836.4
D37: Tổng số tiền nộp lần 6 = (1) + (2) | F37: =F35+F36 -> -67177536
B38: Lần 7 | C38: Khi khách hàng nhận bìa hồng (Dự kiến quý II/2026) | D38: 5% giá bán căn hộ (đã bao gồm VAT) | F38: =F23*5% -> -7174300
B39: TỔNG/TOTAL | F39: =F29+F30+F31+F32+F33+F34+F37+F38 -> -1.4609484e+08
E41: Khách hàng
E42: (Ký và ghi rõ họ tên)
